 Dungeon Crawl Stone Soup version 0.27-a0-907-g9722c47 (webtiles) character file.

Game seed: 24354919698102856

65 Nithhogg the Skirmisher (level 3, -2/43 HPs)
             Began as a Demonspawn Fighter on Apr 7, 2021.
             Slain by Terence
             ... wielding a +4 falchion
              (3 damage)
             ... on level 2 of the Dungeon.
             The game lasted 00:01:58 (1913 turns).

Nithhogg the Skirmisher (Demonspawn Fighter)        Turns: 1913, Time: 00:01:58

Health: -2/43      AC: 21    Str: 17    XL:     3   Next: 94%
Magic:  3/3        EV:  2    Int:  9    God:
Gold:   76         SH:  9    Dex: 12    Spells: 2/2 levels left

rFire    . . .     SeeInvis .   a - +0 long sword
rCold    . . .     Faith    .   c - +0 kite shield
rNeg     + + +     Spirit   .   (armour currently unavailable)
rPois    +         Reflect  .   (helmet currently unavailable)
rElec    .         Harm     .   (cloak currently unavailable)
rCorr    .         Rampage  .   (gloves currently unavailable)
Will     .....     NoTele   +   (boots currently unavailable)
Stlth    +.........             (no amulet)
HPRegen  0.14/turn              (no ring)
MPRegen  0.16/turn              (no ring)

@: tree-form
A: stationary, stasis, torment immunity, boosted hp, (yellow scales 1), magic
regeneration
a: no special abilities


You were on level 2 of the Dungeon.
You were a tree.
You visited 1 branch of the dungeon, and saw 2 of its levels.

You collected 76 gold pieces.

Inventory:

Hand Weapons
 a - a +0 long sword (weapon)
Armour
 b - a +0 scale mail (melded)
 c - a +0 kite shield (worn)
Jewellery
 d - a ring of magical power
 k - a ring of resist corrosion
Scrolls
 f - a scroll of teleportation {unknown}
 h - a scroll of enchant armour {unknown}
 i - 2 scrolls of amnesia {unknown}
 j - a scroll of identify {unknown}


   Skills:
 + Level 3.5 Fighting
 + Level 2.4 Long Blades
 + Level 3.1 Armour
 + Level 3.2 Shields


You had 2 spell levels left.
You didn't know any spells.
Your spell library contained the following spells:

 Spells                   Type           Power      Damage    Failure   Level
 Confusing Touch          Hex            0%         N/A       99%         3
 Gell's Gravitas          Tloc           0%         N/A       99%         3
 Petrify                  Tmut/Erth      0%         N/A       100%        4
 Metabolic Englaciation   Hex/Ice        0%         N/A       100%        5
 Yara's Violent Unravell  Hex/Tmut       0%         3d3       100%        5


Dungeon Overview and Level Annotations

Branches:
Dungeon (2/15)

Altars:

Annotations:
D:2 Terence


Innate Abilities, Weirdness & Mutations

You are a tree.
Your roots penetrate the ground, keeping you stationary.
You cannot be teleported.
You are immune to unholy pain and torment.
Your maximum health is greatly increased.
Your equipment is partially melded.
((You are partially covered in yellow scales. (AC +2)))
You regenerate magic rapidly.


Message History

* * * LOW HITPOINT WARNING * * *
You feel better. Terence hits you with a +4 falchion.
Terence shouts, "Now you die!"
You closely miss Terence.
Terence is lightly wounded.
Terence barely misses you. Terence hits you but does no damage.
You hit Terence but do no damage.
Terence is lightly wounded.
Terence hits you with a +4 falchion.
You hit Terence.
Terence is moderately wounded.
You block Terence's attack. x2
You barely miss Terence.
Terence is moderately wounded.
You block Terence's attack.
You hit Terence.
Terence is heavily wounded.
You block Terence's attack. Terence hits you with a +4 falchion.
* * * LOW HITPOINT WARNING * * *
You hit Terence but do no damage.
Terence is heavily wounded.
You block Terence's attack.
You hit Terence.
Terence is heavily wounded.
You block Terence's attack. x2
You hit Terence.
Terence is severely wounded.
Terence hits you but does no damage.
You barely miss Terence.
Terence is severely wounded.
You block Terence's attack. Terence hits you with a +4 falchion.
* * * LOW HITPOINT WARNING * * *
You barely miss Terence.
Terence is severely wounded.
Terence hits you with a +4 falchion.
* * * LOW HITPOINT WARNING * * *
It was a potion of lignification.
You turn into a tree.
Your +0 scale mail melds into your body.
Your roots penetrate the ground.
Terence hits you with a +4 falchion.
You die...

.........)......... #..
........###.######. ##.
............# #.
####...#...## #....
###.<.#.# ...###
#..##.#############....#
#.............##..$....
#.#####.#####....### #.
#.##..♣@.....# #.
#....#######...# # .
#..### #.... . # ##.####
### # ####....### .
#....##...#
#..#######.###### #...
#......###### #.#
######......#


You could see Terence.

Vanquished Creatures
  An adder (D:2)
  A worm (D:2)
  A dart slug (D:2)
  4 bats
  2 endoplasms
  4 giant cockroaches
  6 goblins
  5 hobgoblins
  2 quokkas
  6 ball pythons
  7 frilled lizards
  5 kobolds
  5 rats
49 creatures vanquished.

Notes
Turn   | Place    | Note
-------+----------+-------------------------------------------
     0 | D:1      | Nithhogg the Demonspawn Fighter began the quest for the
                  | Orb.
     0 | D:1      | Reached XP level 1. HP: 18/18 MP: 1/1
   180 | D:1      | Gained mutation: You are partially covered in yellow
                  | scales. (AC +2) [demonic ancestry]
   180 | D:1      | Reached XP level 2. HP: 24/24 MP: 2/2
   833 | D:1      | Gained mutation: You regenerate magic rapidly. [demonic
                  | ancestry]
   833 | D:1      | Reached XP level 3. HP: 26/29 MP: 3/3
   882 | D:1      | Found a faded altar of an unknown god.
  1884 | D:2      | Noticed Terence
  1911 | D:2      | HP: 1/29 [Terence/+4 falchion (4)]
  1913 | D:2      | Slain by Terence

Illustrated notes

Levels and vault maps discovered:
D:1:      lightli_arrival_windingriver, layout_basic, basic_ecumenical_altar
D:2:      layout_rooms, minmay_tromino_v2, uniq_terence

Skill      XL: |  1  2 |
---------------+-------+-----
Long Blades    | 2 |  2.4
Shields        | 3 |  3.2
Armour         | 3 |  3.1
Fighting       | |  3.5

Action                   || total
-------------------------++-------
Melee: Long sword        ||   159
  Use: Potion            ||     5
Armor: Scale mail        ||    76
Dodge: Dodged            ||    38
Block: Kite shield       ||    92
       Rpst.: Long sword ||    13

Table legend: (Time is in decaauts)
 A = Elapsed time spent in this place.
 B = Non-inter-level travel time spent in this place.
 C = Inter-level travel time spent in this place.
 D = Time resting spent in this place.
 E = Time spent auto-exploring this place.
 F = Levels seen in this place.
 G = Mean time per level.
                   A        B        C        D        E       F      G
               +--------+--------+--------+--------+--------+-----+--------+
         Total |   1999 |   1994 |      5 |     24 |   1600 |   2 |  999.5 |
       Dungeon |   1999 |   1994 |      5 |     24 |   1600 |   2 |  999.5 |
               +--------+--------+--------+--------+--------+-----+--------+

Top non-repeatable levels by time:
     D:1: 1081 daAuts
     D:2: 917 daAuts
